Match 35552273
Unlisted

Match 35552273
End
Vickers Machine Gun Team
Construct Section Command Post
Selects Air and Sea Battlegroup
Infantry Section
ML 3-inch Mortar Team
Grenade Package
Infantry Section
Selects Supply Surplus
Construct Field Infirmary
Construct Resource Cache
Construct Platoon Command Post
Construct Field Infirmary
Selects Commando Section Paradrop
Selects M1 Pack Howitzer Paradrop
Forward Retreat Point
Infantry Training
Construct Resource Cache
Commando Section Paradrop
6-pounder Anti-tank Gun Team
Construct Company Command Post
Selects Anti-tank Rocket Loiter
Matilda II Heavy Tank
Commando Section Paradrop
Royal Engineer Section
Niloc
mr upprcut
freetime00
Abner
matrix4x4
KikiSauvage
0
0

Comments sign in to comment!

No comments posted yet!